 Dungeon Crawl Stone Soup version 0.18.1-47-g9310371 (webtiles) character file.

709 Xecutor the Shield-Bearer (level 7, -7/44 HPs)
             Began as a Gargoyle Fighter on June 24, 2016.
             Mangled by Menkaure (18 damage)
             ... on level 5 of the Dungeon.
             The game lasted 00:12:44 (2736 turns).

Xecutor the Shield-Bearer (Gargoyle Fighter)        Turns: 2736, Time: 00:12:45

Health: -7/44      AC: 13    Str: 21    XL:     7   Next: 68%
Magic:  7/7        EV:  9    Int:  8    God:
Gold:   169        SH: 10    Dex: 10    Spells: 0 memorised, 6 levels left

rFire  . . .     SeeInvis .     A - +2 whip (freeze)
rCold  . . .     Gourm    .     b - +0 scale mail
rNeg   + + .     Faith    .     c - +0 shield
rPois  ∞         Spirit   .     k - +0 helmet
rElec  +         Dismiss  .     (no cloak)
rCorr  .         Reflect  .     (no gloves)
SustAt .         Harm     .     (no boots)
MR     .....                    (no amulet)
Stlth  ..........               j - ring of flight
                                w - ring of positive energy

@: about to teleport, not resistant to hostile enchantments, extremely
unstealthy
A: negative energy resistance 1, electricity resistance, unbreathing,
petrification resistance, rot immunity, AC +4
a: Evoke Flight


You were on level 5 of the Dungeon.
You were not hungry.

You visited 1 branch of the dungeon, and saw 5 of its levels.

You collected 169 gold pieces.

Inventory:

Hand Weapons
 a - a +0 flail
 A - a +2 whip of freezing (weapon)
Armour
 b - a +0 scale mail (worn)
 c - a +0 shield (worn)
 k - a +0 helmet (worn)
Jewellery
 j - a ring of flight (right hand)
 w - a ring of positive energy (left hand)
Wands
 d - a wand of random effects (23/48)
 y - a wand of iceblast (7/15)
Scrolls
 e - 4 scrolls of identify
 g - 2 scrolls of blinking
 l - a scroll of fog
 p - a scroll of noise
 r - a scroll of remove curse
 t - 2 scrolls of recharging {unknown}
 u - 4 scrolls of enchant weapon {unknown}
 x - a scroll of teleportation
Potions
 h - 3 potions of curing
 i - a potion of magic {unknown}
 n - 2 potions of berserk rage {unknown}
 o - a potion of agility {unknown}
 q - 2 potions of brilliance {unknown}
 s - a potion of invisibility {unknown}
 B - a potion of resistance {unknown}
 C - a potion of cancellation {unknown}
 D - a potion of cure mutation {unknown}
 E - 2 potions of lignification {unknown}
Comestibles
 f - 2 bread rations
 m - 3 meat rations
 v - 2 beef jerkies
 z - a slice of pizza


   Skills:
 + Level 4.8 Fighting
 + Level 3.2 Maces & Flails
 + Level 4.7 Armour
 + Level 3.4 Dodging
 + Level 0.5 Stealth
 + Level 5.8 Shields


You had 6 spell levels left.
You didn't know any spells.

Dungeon Overview and Level Annotations

Branches:
Dungeon (5/15)
 Temple: D:4-7

Altars:
Kikubaaqudgha
Nemelex Xobeh
Xom

Shops:
D:4 :

Annotations:
D:5 Menkaure


Innate Abilities, Weirdness & Mutations

You are resistant to torment.
Your stone body is resilient (AC +4).
You are immune to poison.
You resist negative energy.
You are resistant to electric shocks.
You can survive without breathing.
You are immune to petrification.
You are immune to rotting.


Message History

You block Menkaure's attack.
You hit Menkaure but do no damage.
Menkaure is lightly damaged.
Menkaure calls on the powers of darkness!
Your body is wracked with pain!
You hit Menkaure.
Menkaure is lightly damaged.
You block Menkaure's attack.
You barely miss Menkaure.
Menkaure is lightly damaged.
Menkaure hits you!
You completely miss Menkaure.
Menkaure is lightly damaged.
Menkaure hits you.
* * * LOW HITPOINT WARNING * * *
You block Menkaure's attack.
Read which item? (? for menu, Esc to quit)
As you read the scroll of teleportation, it crumbles to dust.
You feel strangely unstable. Menkaure hits you!!
You die...

###############
#............)#
#.###########.#
#......# #.#
####.### #.#
#.# #.# #.# #.#
#.# #@# #.# #M#
#.# #.# #.# #.#
#.# #.# #<# #.#
### #.# #.#


You could see Menkaure.

Vanquished Creatures
  Pikel (D:4)
  An ogre (D:4)
  A howler monkey (D:4)
  An orc priest (D:3)
  3 gnolls (D:3)
  2 adders
  2 oozes
  3 worms
  A dart slug (D:3)
  2 giant geckos
  3 orcs (D:3)
  2 giant cockroaches (D:4)
  5 goblins
  5 hobgoblins
  3 jackals (D:1)
  3 quokkas
  3 ball pythons
  2 bats
  3 giant newts (D:2)
  11 kobolds
  10 rats
67 creatures vanquished.

Vanquished Creatures (others)
  A giant frog skeleton (D:4)
1 creature vanquished.

Grand Total: 68 creatures vanquished

Notes
Turn   | Place    | Note
--------------------------------------------------------------
     0 | D:1      | Xecutor the Gargoyle Fighter began the quest for the Orb.
     0 | D:1      | Reached XP level 1. HP: 14/14 MP: 1/1
   307 | D:1      | Reached XP level 2. HP: 19/19 MP: 2/2
   534 | D:1      | Reached XP level 3. HP: 24/24 MP: 3/3
   646 | D:2      | Reached skill level 4 in Shields
  1189 | D:3      | Reached XP level 4. HP: 25/29 MP: 4/4
  1606 | D:3      | Reached XP level 5. HP: 12/33 MP: 5/5
  1810 | D:3      | Found a sparkling altar of Nemelex Xobeh.
  2139 | D:4      | Noticed an ogre
  2148 | D:4      | Killed an ogre
  2148 | D:4      | Reached skill level 1 in Dodging
  2148 | D:4      | Reached skill level 5 in Shields
  2148 | D:4      | Reached XP level 6. HP: 38/38 MP: 6/6
  2185 | D:4      | Noticed a slave
  2185 | D:4      | Noticed a slave
  2186 | D:4      | Noticed Pikel
  2186 | D:4      | Noticed a slave
  2195 | D:4      | Noticed a slave
  2206 | D:4      | Killed Pikel
  2206 | D:4      | Reached XP level 7. HP: 22/44 MP: 7/7
  2210 | D:4      | Found Cutt's Book Emporium.
  2440 | D:4      | Found an ancient bone altar of Kikubaaqudgha.
  2591 | D:4      | Found a shimmering altar of Xom.
  2699 | D:5      | Entered Level 5 of the Dungeon
  2727 | D:5      | Noticed Menkaure
  2736 | D:5      | Mangled by Menkaure

Skill      XL: |  1  2  3  4  5  6 |
---------------+-------------------+-----
Shields        | 4 5 |  5.8
Fighting       | 4 |  4.8
Armour         | 4 |  4.7
Dodging        | 1 3 |  3.4
Maces & Flails | 3 |  3.2
Stealth        | |  0.5

Action                   |  1- 3 |  4- 6 |  7- 9 || total
-------------------------+-------+-------+-------++-------
Melee: Flail             |   161 |   106 |     3 ||   270
       Whip              |       |       |    25 ||    25
  Use: Scroll            |     6 |       |     2 ||     8
       Potion            |       |     2 |       ||     2
  Eat: Chunk             |     1 |     3 |     2 ||     6
Armor: Scale mail        |    62 |    65 |     7 ||   134
Dodge: Dodged            |    53 |    49 |    14 ||   116
Block: Shield            |    92 |    84 |    11 ||   187
